Map: [ESL] Stargazers

Players

Astrea

  • Race: Protoss Protoss
  • League: Master
  • Spawn Location: 11:00

Reynor - Winner!

  • Race: Zerg Zerg
  • League: Master
  • Spawn Location: 1:00

Event: HomeStory Cup XXII

VOD

Have the link to the VOD?

Description

Time

  • Played on: Dec. 18, 2022, 4:55 p.m.
  • Length: 16:40

All games in this series

Show
View Real Time Build Order
Export as new Build Order

Astrea Protoss 

Build Orders: 1 Gate Expand, Oracle Opening, Carriers 

Get SALT Encoding   

  12  0:00  Probe  
  13  0:12  Probe  
  14  0:17  Pylon  
  14  0:24  Probe  
  15  0:32  Assimilator  
  15  0:36  Probe (Chrono Boost)  
  16  0:42  Gateway  
  16  0:48  Probe (Chrono Boost)  
  17  0:53  Probe (Chrono Boost)  
  18  1:03  Probe  
  19  1:15  Probe  
  20  1:21  Nexus  
  20  1:31  Cybernetics Core  
  20  1:34  Probe  
  20  1:39  Assimilator  
  21  1:46  Probe  
  22  1:49  Pylon  
  22  1:58  Probe  
  23  2:04  Adept (Chrono Boost)  
  25  2:10  Probe  
  25  2:12  Stargate  
  26  2:19  Warp Gate  
  26  2:22  Probe  
  26  2:27  Adept  
  29  2:33  Probe (Chrono Boost)  
  31  2:40  Probe (Chrono Boost)  
  32  2:44  Probe (Chrono Boost)  
  32  2:48  Probe (Chrono Boost)  
  32  2:49  Probe (Chrono Boost)  
  34  2:53  Oracle (Chrono Boost)  
  37  2:59  Probe x2  
  39  3:05  Pylon  
  39  3:11  Probe x2  
  39  3:20  Oracle (Chrono Boost)  
  39  3:23  Probe  
  43  3:27  Probe  
  44  3:35  Probe  
  44  3:39  Probe (Chrono Boost)  
  47  3:50  Nexus  
  47  3:51  Assimilator  
  47  3:52  Probe x2 (Chrono Boost), Assimilator  
  48  3:57  Pylon  
  48  4:00  Probe (Chrono Boost)  
  48  4:02  Probe (Chrono Boost)  
  50  4:06  Probe  
  51  4:11  Probe  
  52  4:18  Probe  
  52  4:20  Fleet Beacon  
  52  4:23  Stargate  
  53  4:24  Probe  
  53  4:30  Probe  
  55  4:31  Adept  
  55  4:36  Pylon  
  55  4:37  Probe  
  58  4:46  Probe  
  58  4:49  Probe  
  58  4:50  Pylon  
  60  4:54  Shield Battery  
  60  4:55  Stalker  
  60  4:58  Probe  
  63  5:01  Probe  
  63  5:04  Carrier (Chrono Boost)  
  63  5:06  Probe  
  65  5:11  Carrier (Chrono Boost), Probe  
  65  5:13  Probe  
  79  5:19  Probe  
  79  5:20  Pylon  
  80  5:23  Probe  
  81  5:29  Probe  
  81  5:33  Probe  
  81  5:35  Probe  
  80  5:38  Forge  
  80  5:40  Twilight Council  
  81  5:43  Assimilator  
  81  5:44  Probe (Chrono Boost)  
  81  5:45  Robotics Facility, Probe (Chrono Boost)  
  81  5:47  Assimilator  
  81  5:48  Pylon  
  83  5:53  Probe (Chrono Boost)  
  83  5:56  Probe (Chrono Boost)  
  85  5:58  Probe (Chrono Boost)  
  85  6:01  Probe (Chrono Boost)  
  85  6:02  Carrier (Chrono Boost)  
  86  6:07  Probe  
  93  6:11  Protoss Air Weapons Level 1 (Chrono Boost)  
  93  6:18  Gateway  
  93  6:19  Gateway  
  93  6:21  Zealot  
  93  6:22  Gateway x2  
  95  6:31  Protoss Ground Weapons Level 1 (Chrono Boost)  
  95  6:36  Carrier (Chrono Boost)  
  95  6:37  Nexus  
  101  6:42  Charge  
  101  6:45  Robotics Bay  
  101  7:02  Probe x2  
  101  7:05  Pylon  
  101  7:08  Pylon  
  103  7:10  Templar Archives, Probe  
  103  7:14  Probe x2  
  106  7:22  Probe  
  107  7:26  Photon Cannon  
  107  7:27  Shield Battery, Probe x2  
  107  7:29  Photon Cannon  
  109  7:32  Pylon  
  109  7:34  Probe  
  109  7:35  Gateway  
  109  7:36  Photon Cannon, Gateway  
  110  7:37  Disruptor (Chrono Boost)  
  110  7:38  Gateway  
  110  7:39  Probe x2  
  110  7:41  Photon Cannon  
  115  7:46  Probe  
  116  7:57  High Templar x3  
  122  7:58  High Templar  
  122  8:00  Probe x4, Assimilator  
  122  8:01  Assimilator  
  122  8:02  Pylon  
  128  8:05  Disruptor  
  128  8:11  Photon Cannon  
  128  8:12  Probe x2  
  133  8:13  Archon  
  133  8:14  Archon  
  133  8:19  Protoss Air Weapons Level 2 (Chrono Boost)  
  139  8:20  Probe  
  140  8:27  Photon Cannon  
  140  8:30  Shield Battery  
  140  8:36  Protoss Ground Weapons Level 2 (Chrono Boost)  
  146  8:43  Zealot  
  146  8:47  Observer  
  149  8:52  Pylon  
  149  8:53  Nexus, Pylon  
  149  8:54  Phoenix x2  
  135  8:56  Probe x2  
  135  8:59  High Templar x4  
  135  9:01  Zealot x3, Probe x2  
  147  9:04  Archon x2  
  147  9:08  Probe  
  142  9:13  Probe  
  142  9:15  Probe  
  142  9:16  Probe  
  139  9:18  Disruptor  
  139  9:20  Probe  
  139  9:21  Carrier (Chrono Boost)  
  139  9:24  Photon Cannon  
  149  9:28  Shield Battery  
  149  9:29  Probe x3  
  152  9:38  Carrier (Chrono Boost)  
  152  9:45  Photon Cannon  
  157  10:11  Pylon  
  157  10:12  Pylon  
  157  10:15  Carrier (Chrono Boost), Photon Cannon, Pylon  
  157  10:16  Photon Cannon  
  157  10:20  Photon Cannon  
  163  10:24  Carrier (Chrono Boost)  
  166  10:50  Photon Cannon  
  166  10:52  Observer, Photon Cannon  
  166  10:55  Protoss Air Weapons Level 3 (Chrono Boost)  
  164  10:59  Zealot x3  
  164  11:00  Zealot x5  
  179  11:07  Carrier (Chrono Boost)  
  179  11:08  Stargate  
  173  11:11  Pylon  
  173  11:12  Pylon  
  169  11:21  Carrier  
  169  11:25  Stalker x8  
  185  11:27  Blink  
  185  11:29  Probe x2 (Chrono Boost)  
  185  11:30  Probe (Chrono Boost)  
  136  11:34  Probe (Chrono Boost)  
  130  11:41  Probe x2 (Chrono Boost)  
  130  11:42  Probe (Chrono Boost)  
  134  11:48  Probe x4 (Chrono Boost)  
  137  11:55  Probe x2  
  137  11:58  High Templar x4  
  137  12:00  Probe  
  148  12:02  Archon x2  
  148  12:05  Probe  
  148  12:06  Carrier  
  148  12:07  Probe  
  156  12:15  Probe  
  145  12:17  Probe  
  145  12:21  Observer, Probe  
  145  12:28  Observer  
  145  12:32  High Templar x4  
  145  12:33  Zealot x4  
  145  12:36  Archon  
  145  12:37  Archon  
  161  12:39  Probe x4  
  165  12:51  Probe x3  
  168  12:52  Warp Prism (Chrono Boost)  
  168  13:07  Zealot x2  
  168  13:08  Zealot x3  
  178  13:22  Nexus  
  178  13:30  High Templar x3  
  178  13:31  High Templar x3  
  188  13:34  Archon  
  188  13:35  Archon  
  188  13:36  Archon  
  184  13:44  Probe x3  
  184  13:53  Immortal (Chrono Boost)  
  184  13:56  Probe  
  151  14:06  Probe  
  134  14:16  High Templar x2  
  134  14:17  Zealot x2, High Templar x4  
  136  14:21  Archon x2  
  136  14:22  Archon  
  144  14:30  Immortal (Chrono Boost)  
  133  15:00  Immortal (Chrono Boost)  
  133  15:05  Shield Battery, Photon Cannon x2, High Templar x4  
  141  15:09  Archon x2  
  141  15:10  Zealot x4  
  147  15:31  Immortal  
  142  15:48  Stalker x8  
Show
View Real Time Build Order
Export as new Build Order

Reynor Zerg - Winner!

Build Orders: 3 Hatch before Pool 

Get SALT Encoding   

  12  0:00  Drone  
  13  0:11  Overlord  
  13  0:16  Drone  
  14  0:30  Drone x2  
  16  0:47  Hatchery  
  15  0:50  Drone  
  15  0:54  Drone  
  17  0:57  Drone  
  18  1:18  Hatchery  
  18  1:20  Drone  
  18  1:23  Drone  
  19  1:27  Extractor  
  18  1:37  Spawning Pool  
  17  1:41  Drone  
  17  1:44  Drone  
  19  1:49  Drone  
  20  1:59  Drone  
  20  2:00  Drone  
  22  2:10  Drone  
  23  2:24  Zergling x6, Queen  
  28  2:30  Queen  
  28  2:32  Metabolic Boost  
  28  2:35  Drone x2  
  32  2:39  Zergling x2  
  32  2:42  Drone  
  34  2:44  Overlord  
  34  2:49  Overlord  
  34  2:59  Extractor  
  34  3:00  Drone  
  34  3:03  Drone x3  
  34  3:04  Drone  
  34  3:05  Drone  
  40  3:14  Overlord  
  40  3:15  Drone x2  
  40  3:16  Queen  
  43  3:21  Queen  
  43  3:24  Drone  
  43  3:25  Drone  
  43  3:26  Drone  
  48  3:31  Drone  
  48  3:32  Drone  
  48  3:33  Overlord  
  50  3:37  Spore Crawler  
  50  3:40  Drone x3  
  50  3:42  Spore Crawler  
  50  3:47  Drone x3  
  51  3:51  Spore Crawler  
  51  3:54  Queen  
  52  3:57  Drone x2  
  52  3:58  Drone  
  52  4:02  Queen  
  57  4:09  Zergling x6  
  60  4:11  Evolution Chamber  
  59  4:18  Queen, Overlord  
  59  4:19  Drone  
  59  4:20  Drone  
  63  4:26  Drone x2, Overlord  
  65  4:33  Overlord  
  65  4:37  Drone x2  
  65  4:38  Drone x3  
  68  4:46  Drone x2  
  68  4:47  Zerg Melee Weapons Level 1  
  68  4:50  Drone  
  68  4:51  Extractor  
  68  4:52  Queen  
  70  4:55  Drone x2  
  70  4:57  Hatchery  
  70  4:59  Lair  
  73  5:01  Zergling x6  
  73  5:02  Overlord  
  73  5:04  Drone  
  73  5:06  Drone  
  78  5:10  Overlord  
  78  5:12  Drone  
  79  5:16  Drone x2, Extractor  
  79  5:17  Extractor  
  79  5:18  Overlord  
  79  5:19  Drone  
  79  5:20  Drone  
  81  5:23  Drone  
  81  5:27  Drone x2  
  81  5:28  Drone  
  85  5:30  Drone x4  
  85  5:32  Extractor  
  85  5:34  Extractor, Overlord  
  85  5:36  Drone  
  85  5:42  Drone  
  87  5:45  Drone  
  87  5:46  Roach Warren  
  87  5:47  Queen, Drone x4  
  93  5:51  Overlord  
  93  5:54  Drone  
  93  5:56  Drone x2  
  93  5:57  Overlord  
  92  5:59  Drone  
  92  6:02  Evolution Chamber  
  92  6:03  Overseer  
  92  6:04  Drone  
  92  6:06  Drone  
  94  6:14  Drone x6  
  94  6:15  Drone x3  
  103  6:21  Queen  
  103  6:23  Overlord  
  103  6:24  Spire  
  105  6:29  Drone x2  
  105  6:30  Spore Crawler, Drone  
  105  6:31  Spore Crawler  
  105  6:32  Spore Crawler  
  104  6:35  Extractor  
  104  6:36  Spore Crawler, Drone x5  
  104  6:37  Extractor  
  104  6:39  Overlord  
  106  6:43  Queen  
  106  6:44  Drone x2  
  106  6:45  Overlord  
  110  6:50  Drone  
  110  6:53  Drone x2  
  110  6:58  Overlord  
  108  7:02  Queen  
  108  7:05  Drone  
  108  7:06  Drone x5  
  108  7:07  Zergling x8  
  120  7:10  Overlord  
  120  7:19  Overlord  
  119  7:24  Queen  
  119  7:26  Drone x2  
  119  7:27  Overlord  
  123  7:37  Mutalisk x10  
  123  7:39  Hatchery  
  123  7:40  Zerg Flyer Weapons Level 1  
  123  7:42  Mutalisk x2  
  146  7:45  Drone x3  
  146  7:48  Drone  
  143  7:52  Mutalisk x2  
  143  7:55  Mutalisk  
  143  7:56  Mutalisk x3  
  155  8:02  Mutalisk x2  
  159  8:06  Drone x2  
  159  8:08  Spore Crawler  
  159  8:11  Mutalisk x2, Overlord  
  164  8:17  Zergling x8  
  164  8:18  Zergling x2  
  169  8:20  Overlord  
  169  8:26  Drone x2  
  171  8:32  Mutalisk x4  
  179  8:34  Zergling x4  
  179  8:39  Zergling x2  
  179  8:40  Zergling x4  
  184  8:44  Infestation Pit  
  184  8:45  Zergling x2  
  184  8:46  Extractor  
  184  8:48  Zerg Melee Weapons Level 2  
  183  8:50  Extractor  
  183  8:54  Zergling x14  
  189  8:58  Zergling x20  
  199  9:02  Overlord  
  179  9:17  Corruptor x7  
  179  9:21  Drone x5  
  198  9:25  Hive  
  198  9:33  Baneling Nest  
  198  9:36  Evolution Chamber  
  196  9:38  Zerg Flyer Weapons Level 2  
  196  9:40  Zergling x8  
  199  9:58  Hatchery  
  183  10:02  Spore Crawler  
  183  10:05  Mutalisk x9  
  196  10:09  Zergling x2  
  196  10:10  Zergling x10  
  196  10:13  Zerg Ground Armor Level 1  
  200  10:19  Centrifugal Hooks  
  200  10:41  Mutalisk x4  
  200  10:48  Adrenal Glands  
  200  10:50  Ultralisk Cavern  
  200  10:56  Baneling x10  
  177  11:30  Zergling x60  
  190  11:37  Corruptor x5, Chitinous Plating  
  196  11:40  Zerg Melee Weapons Level 3  
  196  11:45  Mutalisk x2  
  180  12:22  Ultralisk x5  
  198  12:28  Corruptor x3  
  199  12:30  Zerg Ground Armor Level 2  
  194  12:56  Anabolic Synthesis  
  194  13:03  Zergling x12  
  198  13:19  Zergling x40  
  195  13:30  Baneling  
  195  13:31  Baneling x8  
  195  13:32  Drone x2  
  195  13:35  Pneumatized Carapace  
  195  13:36  Corruptor x3  
  195  13:37  Corruptor  
  196  13:46  Zergling x2  
  196  13:47  Zergling x6  
  195  14:02  Corruptor x7  
  181  14:06  Corruptor x4  
  168  14:10  Zergling x30  
  168  14:14  Ultralisk x4  
  168  14:15  Zergling x8  
  180  14:24  Zergling x6, Ultralisk  
  187  14:33  Ultralisk  
  193  14:42  Ultralisk  
  196  15:10  Baneling x20  
  196  15:13  Overlord  
  196  15:20  Hatchery  
  195  15:22  Zergling x6  
  183  15:44  Zergling x40  
  189  15:55  Zergling x2, Ultralisk x2  
  198  16:00  Zergling x8  
  198  16:03  Zergling x2  
Tags
 
Add a new tag
Caveats
  • Supply blocks, unpowered buildings, or Contaminate may cause inaccurate times.
  • Supply counts are checked every 10 seconds.